 Dungeon Crawl Stone Soup version 0.27.0-1-g7a089689b8 (webtiles) character file.

Game seed: 4381676975463146063

153 mandarbmax the Cutter (level 5, -6/28 HPs)
             Began as a Vine Stalker Abyssal Knight on Aug 1, 2021.
             Was a Believer of Lugonu.
             Mangled by an ogre (10 damage)
             ... on level 4 of the Dungeon.
             The game lasted 00:05:26 (2888 turns).

mandarbmax the Cutter (Vine Stalker Abyssal Knight) Turns: 2888, Time: 00:05:27

Health: -6/28      AC:  6    Str: 15    XL:     5   Next: 35%
Magic:  0/7        EV:  9    Int: 12    God:    Lugonu [**....]
Gold:   147        SH:  0    Dex: 14    Spells: 4/4 levels left

rFire    . . .     SeeInvis .   a - +1 short sword
rCold    . . .     Faith    .   (no shield)
rNeg     . . .     Spirit   +   b - +0 scale mail
rPois    .         Reflect  .   (no helmet)
rElec    .         Harm     .   (no cloak)
rCorr    .         Rampage  .   (no gloves)
Will     .....                  (no boots)
Stlth    ..........             (no amulet)
HPRegen  1.09/turn              (no ring)
MPRegen  0.10/turn              (no ring)

@: no status effects
A: fangs 2, regeneration 1, magic shield, antimagic bite, no potion heal 2
a: Renounce Religion, Depart the Abyss, Bend Space


You were on level 4 of the Dungeon.
You worshipped Lugonu.
Lugonu was pleased with you.
You visited 1 branch of the dungeon, and saw 4 of its levels.
You visited the Abyss 1 time.

You collected 147 gold pieces.

Inventory:

Hand Weapons
 a - a +1 short sword (weapon)
 i - a +0 rapier
Armour
 b - a +0 scale mail (worn)
 g - a +0 ring mail
Scrolls
 d - 2 scrolls of immolation {unknown}
 e - a scroll of vulnerability {unknown}
 h - 3 scrolls of identify {unknown}
 m - 2 scrolls of teleportation {unknown}
 o - a scroll of blinking {unknown}
Potions
 c - a potion of lignification {unknown}
 f - 2 potions of degeneration {unknown}
 j - a potion of resistance {unknown}
 k - a potion of heal wounds {unknown}
 l - 2 potions of ambrosia {unknown}
 n - 2 potions of flight {unknown}


   Skills:
 - Level 3.0 Fighting
 + Level 4.4 Short Blades
 - Level 2.0 Armour
 - Level 1.0 Dodging
 - Level 2.0 Invocations


You had 4 spell levels left.
You didn't know any spells.
Your spell library contained the following spells:

 Spells                   Type           Power      Damage    Failure   Level
 Corpse Rot               Necr/Air       N/A        N/A       89%         2
 Slow                     Hex            0%         N/A       89%         2
 Confusing Touch          Hex            0%         N/A       98%         3
 Dispel Undead            Necr           0%         3d6       100%        4
 Yara's Violent Unravell  Hex/Tmut       0%         3d3       100%        5
 Death Channel            Necr           0%         N/A       100%        6


Dungeon Overview and Level Annotations

Branches:
Dungeon (4/15)
 Temple: D:4-7

Altars:
Qazlal

Shops:
D:2 (


Innate Abilities, Weirdness & Mutations

You have extremely sharp teeth.
Your natural rate of healing is unusually fast.
When hurt, damage is shared between your health and your magic reserves.
Your bite disrupts and absorbs the magic of your enemies.
Potions cannot restore your health.


Message History

A gnoll comes into view. It is wielding a +0 club.
The gnoll shouts! x2; You hear a shout!
You see here a +0 ring mail.
The scorpion stings you.
You are poisoned.
The scorpion poisons you!
You hit the scorpion but do no damage.
You feel sick. The scorpion stings you.
You closely miss the scorpion.
You feel sick. The scorpion stings you.
You are more poisoned.
The scorpion poisons you!
The iguana bites you but does no damage.
You hit the scorpion but do no damage. Your bite misses the scorpion.
You feel sick. The scorpion stings you. x2
* * * LOW HITPOINT WARNING * * *
You are too injured to fight recklessly!
You are too injured to fight recklessly!
You are too injured to fight recklessly!
You are too injured to fight recklessly!
You are too injured to fight recklessly!
You are too injured to fight recklessly!
You are too injured to fight recklessly!
Unknown command.
You feel very sick.
You feel sick.
Found 16 gold pieces.
You feel sick.
The iguana bites you but does no damage.
A hobgoblin comes into view.
You feel sick.
An ogre comes into view. It is wielding a +0 giant spiked club.
You feel sick.
The ogre shouts!
The gnoll completely misses you.
You feel sick.
A worm comes into view.
You feel sick.
You feel sick.
You are no longer poisoned.
The ogre hits you with a +0 giant spiked club!
You die...

#............#
.........#.#
#.......#.# #
#.##.......#.#.#####
........#.##.#..$..#
...##..[lsl.....g..#
#..:####.#.....
##....###g# ##.
#<...<.@..#
#....###O.....w.
+..#....+........
#########........
#........ #.......#
#.......# #########


You could see an ogre, a worm and a gnoll.

Vanquished Creatures
  9 adders
  A dart slug (D:1)
  6 bats
  6 endoplasms
  6 giant cockroaches
  7 goblins
  7 hobgoblins
  6 jackals
  2 quokkas
  5 ball pythons
  2 frilled lizards (D:2)
  6 kobolds
  4 rats
67 creatures vanquished.

Notes
Turn   | Place    | Note
-------+----------+-------------------------------------------
     0 | Abyss:1  | mandarbmax the Vine Stalker Abyssal Knight began the quest
                  | for the Orb.
     0 | Abyss:1  | Reached XP level 1. HP: 11/11 MP: 3/3
    28 | Abyss:1  | Noticed a rust devil
    29 | D:1      | Escaped the Abyss
   336 | D:1      | Reached skill level 2 in Short Blades
   375 | D:1      | Reached XP level 2. HP: 12/16 MP: 2/4
   543 | D:1      | Reached * piety under Lugonu
   966 | D:1      | Reached XP level 3. HP: 19/19 MP: 5/5
  1129 | D:1      | Reached skill level 1 in Dodging
  1298 | D:2      | Reached skill level 3 in Short Blades
  1635 | D:2      | Gained mutation: Your natural rate of healing is unusually
                  | fast. [Vine Stalker growth]
  1635 | D:2      | Reached XP level 4. HP: 19/24 MP: 6/6
  1772 | D:2      | Found a faded altar of an unknown god.
  1905 | D:2      | Found Yladasmu's Weapon Boutique.
  1922 | D:2      | Reached ** piety under Lugonu
  2232 | D:3      | Reached skill level 4 in Short Blades
  2232 | D:3      | Reached XP level 5. HP: 28/28 MP: 7/7
  2397 | D:3      | Found a stormy altar of Qazlal.
  2885 | D:4      | Noticed an ogre
  2888 | D:4      | Mangled by an ogre

Illustrated notes

Levels and vault maps discovered:
D:1:      psy_arrival_radial01, layout_basic
D:2:      layout_loops_ring, serial_shops, shop,
          chequers_ecumenical_altar_simple
D:3:      layout_basic, grunt_qazlal_clouds
D:4:      layout_basic, mainiacjoe_overflow_concentric_impassable,
          gammafunk_temple_overflow_pools, hangedman_abyss_or_decor_lesser_grid

Skill      XL: |  1  2  3  4 |
---------------+-------------+-----
Short Blades   | 2 3 4 |  4.4
Invocations    | 2 |  2.0
Dodging        | 1 |  1.0
Fighting       | 3 |  3.0
Armour         | 2 |  2.0

Action                   |  1- 3 |  4- 6 || total
-------------------------+-------+-------++-------
Melee: Short sword       |   117 |   134 ||   251
       Bite              |    24 |    33 ||    57
Invok: Depart the Abyss  |     1 |       ||     1
 Stab: Sleeping          |     1 |       ||     1
Armor: Leather armour    |    16 |       ||    16
       Ring mail         |    14 |       ||    14
       Scale mail        |     3 |    51 ||    54
Dodge: Dodged            |    66 |    62 ||   128
